 Dungeon Crawl Stone Soup version 0.29-a0-1065-g47a6bb87d6 (webtiles) character file.

Game seed: 1714370459901224814

1838 SensoryNuts the Covered (level 9, -7/68 HPs)
             Began as a Human Fighter on Aug 18, 2022.
             Killed by nerve-wracking pain
             ... invoked by a shadow imp
              (12 damage)
             ... on level 7 of the Dungeon.
             The game lasted 00:12:09 (8585 turns).

SensoryNuts the Covered (Human Fighter)             Turns: 8585, Time: 00:12:10

Health: -7/68      AC: 12    Str: 20    XL:     9   Next: 33%
Magic:  9/9        EV: 11    Int:  9    God:
Gold:   345        SH:  5    Dex: 13    Spells: 8/8 levels left

rFire   . . .      SeeInvis .   e - +2 spear (vamp)
rCold   . . .      Faith    .   c - +0 buckler
rNeg    . . .      Spirit   .   b - +1 scale mail
rPois   +          Reflect  .   l - +2 helmet
rElec   .          Harm     .   (no cloak)
rCorr   .          Rampage  .   (no gloves)
Will    .....                   (no boots)
Stlth   ..........              (no amulet)
HPRegen 0.21/turn               j - ring of poison resistance
MPRegen 0.11/turn               (no ring)

@: about to teleport, on berserk cooldown, slowed, very slow
A: hooves 1, sense surroundings 1, screaming 1, MP-powered wands
a: no special abilities


You were on level 7 of the Dungeon.
You visited 1 branch of the dungeon, and saw 7 of its levels.
You also visited: Sewer.

You collected 345 gold pieces.

Inventory:

Hand Weapons
 a - a +0 trident of flaming
 e - a +2 vampiric spear (weapon)
Armour
 b - a +1 scale mail (worn)
 c - a +0 buckler (worn)
 l - a +2 helmet (worn)
Jewellery
 j - a ring of poison resistance (left hand)
 m - a ring of willpower
Wands
 n - a wand of flame (11)
 p - a wand of quicksilver (13)
Scrolls
 f - a scroll of identify
 k - a scroll of enchant weapon
 q - 2 scrolls of enchant armour
 v - a scroll of immolation
Potions
 g - a potion of magic
 h - a potion of resistance
 t - 3 potions of degeneration
 u - 2 potions of attraction


   Skills:
 + Level 5.0 Fighting
 + Level 6.6 Polearms
 + Level 7.0 Armour
 + Level 3.9 Dodging
 + Level 0.9 Stealth
 + Level 5.0 Shields


You had 8 spell levels left.
You didn't know any spells.
Your spell library contained the following spells:

 Spells                   Type           Power      Damage    Failure   Level
 Foxfire                  Conj/Fire      0%         2x1d4     80%         1
 Conjure Flame            Conj/Fire      0%         6-21      99%         3
 Dazzling Flash           Conj/Hex       0%         N/A       99%         3
 Inner Flame              Hex/Fire       0%         N/A       99%         3
 Ozocubu's Armour         Ice            0%         N/A       99%         3
 Flame Wave               Conj/Fire      0%         2d4       100%        4
 Iskenderun's Mystic Bla  Conj/Tloc      0%         2d3       100%        4
 Leda's Liquefaction      Hex/Erth       0%         N/A       100%        4
 Lee's Rapid Deconstruct  Erth           0%         3d5*      100%        5
 Summon Forest            Summ/Tloc      0%         N/A       100%        5
 Eringya's Noxious Bog    Tmut/Pois      0%         N/A       100%        6
 Starburst                Conj/Fire      0%         6d3       100%        6
 Statue Form              Tmut/Erth      0%         N/A       100%        6
 Ozocubu's Refrigeration  Ice            0%         4d7       100%        7
 Summon Hydra             Summ           0%         N/A       100%        7


Dungeon Overview and Level Annotations

Branches:
Dungeon (7/15)              Sewer (visited)
 Temple: D:4-7

Altars:
Ashenzari
Fedhas
Trog
Yredelemnul

Shops:
D:3 [   D:7 [


Innate Abilities, Weirdness & Mutations

You have large cloven feet.
You passively map a small area around you.
You occasionally shout uncontrollably at your foes.
You expend magic power (3 MP) to strengthen your wands.


Message History

Your surroundings suddenly seem different.
An orc warrior comes into view. It is wielding a +0 war axe.
The orc warrior shouts!
You hear a shout!
An orc wizard comes into view. It is wielding a +0 dagger.
As you read the scroll of fog, it crumbles to dust.
The scroll dissolves into smoke.
The orc warrior attacks as you move away!
The orc warrior hits you but does no damage.
The orc warrior closely misses you.
The orc wizard gestures wildly while chanting.
The orc wizard flickers and vanishes!
Deactivating autopickup; reactivate with Ctrl-A.
The orc warrior hits you with a +0 war axe.
* * * LOW HITPOINT WARNING * * *
The orc warrior hits you with a +0 war axe.
* * * LOW HITPOINT WARNING * * *
The orc warrior attacks as you move away!
The orc warrior barely misses you.
As you read the scroll of teleportation, it crumbles to dust.
You feel strangely unstable. You block the orc warrior's attack.
The orc warrior hits you with a +0 war axe.
* * * LOW HITPOINT WARNING * * *
An orc comes into view. It is wielding a +0 dagger.
The orc warrior attacks as you move away!
The orc warrior hits you with a +0 war axe.
* * * LOW HITPOINT WARNING * * *
Your surroundings suddenly seem different.
An orc comes into view. It is wielding a +0 falchion.
The orc shouts!
You hear a shout!
An ufetubus comes into view.
Something shouts, "Turn tail, thou surly clay-brained clotpole!"
As you read the scroll of teleportation, it crumbles to dust.
You feel strangely unstable.
The ufetubus hits you but does no damage.
The ufetubus closely misses you.
A shadow imp comes into view.
You block the ufetubus's attack. x2
The shadow imp gestures at you. Pain shoots through your body!
You die...

, , , ,
..... *
, ##.#.
, #....
, * *
*...,,
,* **
.o5, ,
* ,
#.#, ,
, , ,*
#.# ,,,
, * *
,*#@#
#5# *
,, ,...
* * *
##...
..#.#**
* * *
#.#.. ,
,
......
, , , ,
, ...
#.. #
,* * *
, ,...
.


You could see a shadow imp, an orc and an ufetubus.

Vanquished Creatures
  Sigmund (D:4)
  Menkaure (D:6)
  Edmund (D:6)
  An ice beast (D:6)
  3 phantoms
  A necrophage (D:5)
  2 bullfrogs (Sewer)
  A scorpion (D:6)
  2 jellies (D:6)
  4 hounds
  Natasha (thrice) (D:4)
  5 iguanas
  An orc wizard (D:5)
  Robin (D:2)
  18 adders
  4 gnolls
  5 river rats (Sewer)
  A white imp (D:5)
  2 ufetubi
  2 dart slugs
  4 worms
  18 orcs
  11 endoplasms
  2 giant cockroaches
  13 goblins
  8 hobgoblins
  4 jackals (D:2)
  6 kobolds
  3 quokkas
  17 ball pythons
  7 bats
  4 frilled lizards
  32 rats
188 creatures vanquished.

Notes
Turn   | Place    | Note
-------+----------+-------------------------------------------
     0 | D:1      | SensoryNuts the Human Fighter began the quest for the Orb.
     0 | D:1      | Reached XP level 1. HP: 18/18 MP: 1/1
   214 | D:1      | Reached XP level 2. HP: 24/24 MP: 2/2
   574 | D:1      | Reached XP level 3. HP: 29/29 MP: 3/3
  1214 | D:2      | Reached XP level 4. HP: 35/35 MP: 4/4
  1295 | D:2      | Noticed Robin
  1327 | D:2      | Killed Robin
  1331 | D:2      | Reached skill level 4 in Armour
  1565 | D:2      | Found a bloodstained altar of Trog.
  1794 | D:3      | Reached XP level 5. HP: 39/41 MP: 5/5
  1828 | D:3      | Found Moaj's Armour Shoppe.
  2095 | D:3      | Found a basalt altar of Yredelemnul.
  2241 | D:3      | Found a faded altar of an unknown god.
  2831 | D:4      | Noticed Natasha
  2836 | D:4      | Killed Natasha
  2844 | D:4      | Noticed Natasha
  2861 | D:4      | Killed Natasha
  2961 | D:4      | Noticed Natasha
  2971 | D:4      | Killed Natasha
  2972 | D:4      | Reached XP level 6. HP: 47/47 MP: 6/6
  3079 | D:4      | Noticed Sigmund
  3161 | D:4      | Killed Sigmund
  3162 | D:4      | Reached skill level 1 in Dodging
  3162 | D:4      | Reached XP level 7. HP: 16/53 MP: 7/7
  3559 | D:4      | Reached skill level 5 in Armour
  3850 | D:4      | Found a blossoming altar of Fedhas.
  3850 | D:4      | Found a broken altar of Ashenzari.
  3922 | D:5      | Entered Level 5 of the Dungeon
  3978 | D:5      | Reached skill level 5 in Polearms
  4850 | D:5      | Reached XP level 8. HP: 51/60 MP: 8/8
  6223 | D:6      | Found a glowing drain.
  6246 | D:6      | Reached skill level 6 in Armour
  6315 | Sewer    | Entered a sewer
  6863 | Sewer    | Gained mutation: You occasionally shout uncontrollably at
                  | your foes. [potion of mutation]
  6863 | Sewer    | Gained mutation: You passively map a small area around you.
                  | [potion of mutation]
  6863 | Sewer    | Gained mutation: You expend magic power (3 MP) to
                  | strengthen your wands. [potion of mutation]
  6863 | Sewer    | Gained mutation: You have large cloven feet. [potion of
                  | mutation]
  7238 | D:6      | Reached XP level 9. HP: 66/66 MP: 9/9
  7337 | D:6      | Noticed Edmund
  7384 | D:6      | Killed Edmund
  7798 | D:6      | Noticed Menkaure
  7808 | D:6      | Killed Menkaure
  7809 | D:6      | Reached skill level 5 in Fighting
  8285 | D:6      | Reached skill level 7 in Armour
  8533 | D:7      | Reached skill level 5 in Shields
  8534 | D:7      | Found Tax Wehi's Armour Boutique.
  8585 | D:7      | Killed from afar by a shadow imp

Illustrated notes

Levels and vault maps discovered:
D:1:      nagdon_arrival_double_spiral, layout_basic
D:2:      layout_rooms, basic_altar, minmay_misc_feat_secret_circle,
          hangedman_glass_teeth, uniq_robin
D:3:      layout_basic, lemuel_crystal_altar,
          hellmonk_ecumenical_altar_crossroads, serial_shops, shop_fountains
D:4:      layout_basic, amethyst_overflow_temple_binary, uniq_sigmund,
          uniq_natasha
D:5:      layout_layer_cave
D:6:      layout_basic, cheibrodos_sewer_entry_drain, kennysheep_big_empty_room,
          uniq_menkaure, uniq_edmund
D:7:      layout_basic, zin_academy, kennysheep_mini, temple_green,
          serial_shops, nicolae_shop_crystal, minivault_27, lightli_minifort,
          uniq_pikel

Skill      XL: |  1  2  3  4  5  6  7  8  9 |
---------------+----------------------------+-----
Armour         | 4 5 6 7 |  7.0
Polearms       | 3 4 5 6 |  6.6
Dodging        | 1 2 3 |  3.9
Fighting       | 4 5 |  5.0
Shields        | 4 5 |  5.0
Stealth        | |  0.9

Action                   |  1- 3 |  4- 6 |  7- 9 || total
-------------------------+-------+-------+-------++-------
Melee: Trident           |    43 |       |       ||    43
       Spear             |    63 |   217 |   693 ||   973
       Kick              |       |       |    42 ||    42
  Use: Potion            |       |     6 |    13 ||    19
       Scroll            |       |       |    22 ||    22
Armor: Scale mail        |    45 |    82 |   330 ||   457
       Skin              |       |    17 |       ||    17
Dodge: Dodged            |    40 |   103 |   328 ||   471
Block: Buckler           |    25 |    37 |   176 ||   238

Table legend: (Time is in decaauts)
 A = Elapsed time spent in this place.
 B = Non-inter-level travel time spent in this place.
 C = Inter-level travel time spent in this place.
 D = Time resting spent in this place.
 E = Time spent auto-exploring this place.
 F = Levels seen in this place.
 G = Mean time per level.
                   A        B        C        D        E       F      G
               +--------+--------+--------+--------+--------+-----+--------+
         Total |   8535 |   8209 |    326 |      0 |   6584 |   8 | 1066.9 |
       Dungeon |   7712 |   7386 |    326 |      0 |   6042 |   7 | 1101.7 |
         Sewer |    822 |    822 |      0 |      0 |    542 |   1 |  822.0 |
               +--------+--------+--------+--------+--------+-----+--------+

Top non-repeatable levels by time:
     D:5: 2055 daAuts
     D:6: 1681 daAuts
     D:1: 1111 daAuts
     D:4: 1078 daAuts
     D:3: 1045 daAuts
   Sewer: 822 daAuts
     D:2: 680 daAuts
     D:7: 60 daAuts
